 Dungeon Crawl Stone Soup version 0.20.1-1-g8b1a95d (webtiles) character file.

68 Mimshu the Grave Robber (level 4, -6/30 HPs)
             Began as a Vampire Necromancer on Nov 29, 2017.
             Engulfed by a cloud of flame (22 damage)
             ... on level 2 of the Dungeon.
             The game lasted 00:14:48 (4252 turns).

Mimshu the Grave Robber (Vampire Necromancer)       Turns: 4252, Time: 00:14:48

Health: -6/30      AC:  2    Str:  7    XL:     4   Next: 1%
Magic:  1/8        EV: 13    Int: 18    God:
Gold:   68         SH:  0    Dex: 14    Spells: 7/8 levels left

rFire    . . .     SeeInvis +   g - +0 club
rCold    . . .     Gourm    .   (no shield)
rNeg     + . .     Faith    .   a - +0 robe
rPois    .         Spirit   .   (no helmet)
rElec    .         Reflect  .   (no cloak)
rCorr    .         Harm     .   (no gloves)
MR       .....                  (no boots)
Stlth    ++........             (no amulet)
Regen    0.1/turn               (no ring)
MPRegen  0.2/turn               (no ring)

@: no status effects
A: fangs 3, see invisible, unbreathing
a: Bat Form


You were on level 2 of the Dungeon.
You were not thirsty.

You visited 1 branch of the dungeon, and saw 2 of its levels.

You collected 68 gold pieces.

Inventory:

Hand Weapons
 c - a +0 whip
 e - a +0 club
 f - a +0 club
 g - a +0 club (weapon)
 h - a cursed +0 club
 q - a +1 whip of electrocution
 u - a cursed -3 whip
Missiles
 d - 85 stones (quivered)
 n - 9 arrows
Armour
 a - a +0 robe (worn)
 m - a +0 chain mail
Scrolls
 l - a scroll of identify {unknown}
 o - a scroll of noise {unknown}
 p - a scroll of remove curse {unknown}
 r - a scroll of amnesia {unknown}
 s - a scroll of immolation {unknown}
Potions
 j - 2 potions of curing {unknown}
 k - 5 potions of blood
 t - a potion of degeneration {unknown}
Books
 b - a book of Necromancy

   Spells                             Type                      Level
   a - Pain                           Necromancy                   1
   b - Animate Skeleton               Necromancy                   1
   c - Vampiric Draining              Necromancy                   3
   d - Regeneration                   Charms/Necromancy            3
   e - Animate Dead                   Necromancy                   4
   f - Control Undead                 Necromancy                   4
Comestibles
 i - a bread ration


   Skills:
 + Level 2.3 Dodging
 + Level 3.4 Stealth
 + Level 2.9 Spellcasting
 + Level 5.3 Necromancy


You had 7 spell levels left.
You knew the following spells:

 Your Spells              Type           Power        Failure   Level  Hunger
a - Pain                  Necr           ###.         1%          1    None


Dungeon Overview and Level Annotations

Branches:
Dungeon (2/15)

Altars:
Vehumet

Annotations:
D:1 1 exclusion


Innate Abilities, Weirdness & Mutations

You have razor-sharp teeth.
You have supernaturally acute eyesight. (SInv)
You can survive without breathing.


Message History

Confirm with . or Enter, or press ? or * to list all spells.
Aiming: Pain
Press: ? - help, Shift-Dir - straight line, f/p - hobgoblin
Aim: a hobgoblin, wielding a club (severely wounded, chance to defeat MR: 91%)
The hobgoblin writhes in agony!
You kill the hobgoblin!
The gnoll barely misses you.
Casting: Pain
Confirm with . or Enter, or press ? or * to list all spells.
Aiming: Pain
Press: ? - help, Shift-Dir - straight line, f - gnoll
Aim: a gnoll, wielding a spear (severely wounded, chance to defeat MR: 86%)
The gnoll writhes in agony!
You kill the gnoll!
You have reached level 4!
Things that are here:
a flail; a gnoll corpse You are engulfed in blazing flames.
Ouch! That really hurt!
You die...

#..# #. #..# #.#
#..### #.########
#..##.###.......#
#..##..#.#.†.†§.#
###..##.#.##....§.#
#.......#.###.§_.§#
#.#.####..# #.§)§.#
##.#.## #.##
#.§@))# #.....# #.#
##.##.# #..#.####.#
#.. .# #..#.##...#
### .. #....##.###
#. #..####.# ..
#..# #.# .# ...##
#.# ###.###.###.#


There were no monsters in sight!

Vanquished Creatures
  2 gnolls
  3 leopard geckos
  A ball python (D:1)
  3 giant cockroaches (D:1)
  5 hobgoblins
  4 jackals (D:1)
  6 kobolds
  5 bats (D:1)
  6 frilled lizards
  5 goblins (D:1)
  3 rats (D:1)
43 creatures vanquished.

Vanquished Creatures (others)
  2 gnolls (D:2)
  A leopard gecko (D:2)
  A kobold (D:2)
4 creatures vanquished.

Grand Total: 47 creatures vanquished

Notes
Turn   | Place    | Note
-------+----------+-------------------------------------------
     0 | D:1      | Mimshu the Vampire Necromancer began the quest for the Orb.
     0 | D:1      | Reached XP level 1. HP: 13/13 MP: 3/3
  1423 | D:1      | Reached XP level 2. HP: 14/19 MP: 1/5
  1671 | D:1      | Reached skill level 5 in Necromancy
  2569 | D:1      | Reached XP level 3. HP: 24/24 MP: 1/6
  4234 | D:2      | Found a radiant altar of Vehumet.
  4250 | D:2      | Reached XP level 4. HP: 17/30 MP: 1/8
  4252 | D:2      | Engulfed by a cloud of flame

Skill      XL: |  1  2 |
---------------+-------+-----
Necromancy     | 5 |  5.3
Dodging        | |  2.3
Stealth        | |  3.4
Spellcasting   | |  2.9

Action                   |  1- 3 |  4- 6 || total
-------------------------+-------+-------++-------
Melee: Unarmed           |    30 |       ||    30
       Bite              |     8 |       ||     8
       Club              |    32 |       ||    32
 Cast: Pain              |    63 |     1 ||    64
  Use: Potion            |     5 |       ||     5
 Stab: Sleeping          |     1 |       ||     1
Armor: Robe              |    12 |       ||    12
Dodge: Dodged            |    48 |       ||    48
